 Dungeon Crawl Stone Soup version 0.20-b1-12-g5827e59 (webtiles) character file.

95 GEC the Skirmisher (level 4, -3/40 HPs)
             Began as a Draconian Wanderer on May 24, 2017.
             Slain by a scorpion (8 damage)
             ... on level 4 of the Dungeon.
             The game lasted 00:15:57 (2294 turns).

GEC the Skirmisher (Draconian Wanderer)             Turns: 2294, Time: 00:15:58

Health: -3/40      AC:  5    Str: 15    XL:     4   Next: 40%
Magic:  7/7        EV: 11    Int: 12    God:
Gold:   70         SH:  0    Dex: 11    Spells: 3/7 levels left

rFire    . . .     SeeInvis .   e - +0 mace
rCold    . . .     Gourm    .   (no shield)
rNeg     . . .     Faith    .   (armour unavailable)
rPois    .         Spirit   .   (helmet restricted)
rElec    .         Reflect  .   (no cloak)
rCorr    .         Harm     .   (no gloves)
MR       .....     Clarity  +   (no boots)
Stlth    +.........             (no amulet)
Regen    0.2/turn               (no ring)
MPRegen  0.1/turn               (no ring)

@: lethally poisoned (-3 -> -13)
A: unfitting armour, claws 1, clarity, cold-blooded, AC +5
a: no special abilities


You were on level 4 of the Dungeon.
You were not hungry.

You visited 1 branch of the dungeon, and saw 3 of its levels.

You collected 70 gold pieces.

Inventory:

Hand Weapons
 b - a +2 blowgun
 e - a +0 mace (weapon)
Missiles
 a - 3 curare-tipped needles
Potions
 h - a potion of brilliance
 k - a potion of mutation
 l - a potion of resistance {unknown}
Books
 c - Lofunearch's Incunabulum of Intoxication

   Spells                             Type                      Level
   a - Sting                          Conjuration/Poison           1
   b - Ignite Poison                  Fire/Transmutation/Poison    3
Comestibles
 f - 2 bread rations
 g - a meat ration
 i - 3 chunks of flesh


   Skills:
 * Level 3.7 Fighting
 - Level 1.0 Throwing
   Level 1.0 Shields
 - Level 2.0 Spellcasting
   Level 1.0 Summonings
 - Level 2.0 Fire Magic
   Level 3.0 Air Magic
 + Level 2.0 Poison Magic


You had 3 spell levels left.
You knew the following spells:

 Your Spells              Type           Power        Failure   Level  Hunger
a - Sting                 Conj/Pois      #...         19%         1    ##.....
b - Ignite Poison         Fire/Tmut/Pois #.......     43%         3    ####...


Dungeon Overview and Level Annotations

Branches:
Dungeon (2/15)

Altars:
Sif Muna
Vehumet

Annotations:
D:2 2 transporters, Sigmund


Innate Abilities, Weirdness & Mutations

Your plain brown scales are hard. (AC +5)
You cannot fit into any form of body armour.
You are cold-blooded and may be slowed by cold attacks.
You have sharp fingernails.
You possess an exceptional clarity of mind.


Message History

* * * LOW HITPOINT WARNING * * *
The quokka skeleton bites you.
* * * LOW HITPOINT WARNING * * *
The scorpion barely misses you.
The quokka skeleton bites you but does no damage.
Casting: Sting
Confirm with . or Enter, or press ? or * to list all spells.
You can't see any susceptible monsters within range! (Use Z to cast anyway.)
Casting: Sting
Confirm with . or Enter, or press ? or * to list all spells.
Okay, then.
You closely miss the scorpion. The scorpion stings you.
* * * LOW HITPOINT WARNING * * *
You are lethally poisoned!
The scorpion poisons you!
The quokka skeleton bites you but does no damage.
You closely miss the scorpion.
Your tail-slap misses the scorpion.
* * * LOW HITPOINT WARNING * * *
You feel sick. The scorpion stings you!
You die...

#########
#@Z.....#
#s#####.. #a#
#####.#######
#........a..#####
#.###...........#
##.###.#.#######.#
.........# #..
#........# #.#


You could see a scorpion, a worker ant and a quokka skeleton.

Vanquished Creatures
  Robin (D:2)
  An adder (D:2)
  An ooze (D:1)
  2 dart slugs
  A leopard gecko (D:2)
  5 bats
  3 giant cockroaches
  12 goblins
  13 hobgoblins
  6 jackals
  3 frilled lizards
  5 kobolds (D:1)
  7 rats
60 creatures vanquished.

Notes
Turn   | Place    | Note
-------+----------+-------------------------------------------
     0 | D:1      | GEC the Draconian Wanderer began the quest for the Orb.
     0 | D:1      | GEC set off with: 3 curare-tipped needles, a +2 blowgun, Lofunearch's Incunabulum of Intoxication, a potion of curing, a bread ration
     0 | D:1      | Reached XP level 1. HP: 14/14 MP: 3/3
     0 | D:1      | Identified Lofunearch's Incunabulum of Intoxication
     2 | D:1      | Learned a level 1 spell: Sting
    69 | D:1      | Reached skill level 1 in Fighting
   209 | D:1      | Reached XP level 2. HP: 19/23 MP: 3/5
   248 | D:1      | Reached skill level 1 in Poison Magic
   491 | D:1      | Reached XP level 3. HP: 12/30 MP: 0/6
   655 | D:1      | Learned a level 3 spell: Ignite Poison
  1234 | D:2      | Noticed Robin
  1280 | D:2      | Reached XP level 4. HP: 25/38 MP: 3/7
  1422 | D:2      | Found a deep blue altar of Sif Muna.
  1423 | D:2      | Found a radiant altar of Vehumet.
  1437 | D:2      | Noticed Sigmund
  1510 | D:2      | HP: 1/38 [something/magic dart (5)]
  1897 | D:2      | Killed Robin
  2233 | D:2      | Noticed a black bear
  2256 | D:2      | Gained mutation: You possess an exceptional clarity of mind. [potion of mutation]
  2256 | D:2      | Gained mutation: You have sharp fingernails. [potion of mutation]
  2265 | D:2      | You fall through a shaft for 2 floors!
  2294 | D:4      | Slain by a scorpion

Skill      XL: |  1  2  3  4 |
---------------+-------------+-----
Fighting       | 1 2 3 |  3.7
Poison Magic   | 1 2 |  2.0
Throwing       | |  1.0
Shields        | |  1.0
Spellcasting   | |  2.0
Summonings     | |  1.0
Fire Magic     | |  2.0
Air Magic      | |  3.0

Action                   |  1- 3 |  4- 6 || total
-------------------------+-------+-------++-------
Melee: Mace              |    99 |    33 ||   132
       Tailslap          |     9 |     3 ||    12
 Cast: Sting             |    53 |    19 ||    72
  Use: Scroll            |     6 |     1 ||     7
       Potion            |       |     4 ||     4
 Stab: Sleeping          |       |     1 ||     1
  Eat: Chunk             |     3 |     4 ||     7
Armor: Skin              |    42 |    24 ||    66
Dodge: Dodged            |    74 |    29 ||   103
